 Dungeon Crawl Stone Soup version 0.30-a0-534-gdc55766716 (webtiles) character file.

Game seed: 16687772400215474112

1572 mandarbmax the Frost Mage (level 8, -4/53 (56) HPs)
             Began as a Barachi Ice Elementalist on Dec 25, 2022.
             Was an Initiate of Gozag.
             Slain by a wight
             ... wielding a +4 halberd of freezing
              (17 damage)
             ... on level 7 of the Dungeon.
             The game lasted 00:14:41 (6698 turns).

mandarbmax the Frost Mage (BaIE)                    Turns: 6698, Time: 00:14:42

HP:   -4/53 (56)    AC:  5    Str: 17    XL:     8   Next: 90%
MP:   12/14         EV: 11    Int: 17    God:    Gozag
Gold: 186           SH: 15    Dex: 12    Spells: 4/15 levels left

rFire   + . .      SeeInvis .    n - staff of cold
rCold   + . .      Faith    .    u - +0 kite shield
rNeg    . . .      Spirit   .    a - +0 robe
rPois   .          Reflect  +    (no helmet)
rElec   .          Harm     .    v - +0 cloak
rCorr   +          Rampage  .    e - +0 pair of gloves
Will    .....                    x - +0 pair of boots
Stlth   +++                      s - amulet of reflection
HPRegen 0.28/turn                q - +6 ring of strength
MPRegen 0.14/turn                A - ring of Rys Xuyhidd {Wiz rF+ rCorr Stlth+}

@: drained, slow
A: amphibious, slowness 1, strong legs 1, +LOS
a: Hop, Renounce Religion, Potion Petition, Call Merchant, Bribe Branch


You were on level 7 of the Dungeon.
You worshipped Gozag.
Gozag was aware of your devotion.
You visited 1 branch of the dungeon, and saw 7 of its levels.

You collected 457 gold pieces.
You spent 149 gold pieces at shops.
You paid 122 gold pieces to Gozag.

Inventory:

Hand Weapons
 d - a +1 falchion
Armour
 a - a +0 robe (worn)
 e - a +0 pair of gloves (worn)
 u - a +0 kite shield (worn)
 v - a +0 cloak (worn)
 x - a +0 pair of boots (worn)
 H - a +2 hat
Magical Staves
 n - a staff of cold (weapon)
Jewellery
 q - a +6 ring of strength (left hand)
 s - an amulet of reflection (around neck)
 A - the ring of Rys Xuyhidd (right hand) {Wiz rF+ rCorr Stlth+}
   (You found it on level 5 of the Dungeon)

   [ring of wizardry]

   It improves your spell success rate.
   rF:        It protects you from fire.
   rCorr:     It protects you from acid and corrosion.
   Stlth:     It makes you more stealthy.
 B - a ring of positive energy
 D - a ring of protection from cold
 E - a ring of willpower
 I - a ring of wizardry
Wands
 p - a wand of iceblast (6)
Scrolls
 f - 3 scrolls of immolation
 g - 2 scrolls of blinking
 i - a scroll of poison {unknown}
 l - 4 scrolls of vulnerability
 o - a scroll of brand weapon
 t - a scroll of teleportation
 y - a scroll of enchant weapon
 z - a scroll of fear
 G - a scroll of torment
 J - a scroll of magic mapping {unknown}
Potions
 b - 2 potions of magic
 c - a potion of cancellation
 h - 2 potions of berserk rage {unknown}
 j - 3 potions of lignification {unknown}
 k - a potion of mutation {unknown}
 m - 2 potions of curing {unknown}
 r - a potion of invisibility {unknown}
 w - a potion of brilliance {unknown}
 C - 3 potions of degeneration {unknown}
 F - a potion of attraction {unknown}


   Skills:
 + Level 2.1 Fighting
 + Level 3.1 Dodging
 - Level 1.7 Stealth
 * Level 7.7 Shields
 - Level 4.0 Spellcasting
 - Level 4.0 Summonings
 - Level 8.1 Ice Magic
 + Level 1.6 Evocations


You had 4 spell levels left.
You knew the following spells:

 Your Spells              Type           Power      Damage    Failure   Level
a - Freeze                Ice            100%       1d10      1%          1
b - Frozen Ramparts       Ice            92%        1d14      1%          3
c - Ozocubu's Armour      Ice            46%        N/A       1%          3
d - Summon Ice Beast      Ice/Summ       36%        N/A       12%         4

Your spell library contained the following spells:

 Spells                   Type           Power      Damage    Failure   Level
 Hailstorm                Conj/Ice       25%        3d7       9%          3


Dungeon Overview and Level Annotations

Branches:
Dungeon (7/15)             Temple (0/1) D:7

Altars:
Dithmenos
Gozag
Ru
Zin

Shops:
D:1 :[   D:3 [*[((

Annotations:
D:6 2 transporters, PyroL's ghost, novice DrWr


Innate Abilities, Weirdness & Mutations

You are amphibious.
You cover ground slowly.
You can hop short distances.
You have an extended range of vision and can be seen from far away.


Message History

You closely miss the wight.
The wight is lightly damaged.
Your ice beast hits the wight.
Your ice beast freezes the wight.
The wight resists.
You block the wight's attack.
You barely miss the wight.
The wight is moderately damaged.
Your ice beast closely misses the wight.
You block the wight's attack.
Your ice beast hits the wight.
Your ice beast freezes the wight.
The wight resists.
You hit the wight but do no damage. You freeze the wight.
The wight is severely damaged.
You block the wight's attack.
Your ice beast barely misses the wight.
You closely miss the wight.
The wight is severely damaged.
The wight hits you with a +4 halberd of freezing!
You feel drained. The wight freezes you.
Your ice beast misses the wight.
The wight barely misses you.
You completely miss the wight.
The wight is severely damaged.
Your ice beast barely misses the wight.
The wight hits you with a +4 halberd of freezing!
The wight freezes you.
You hit the wight.
The wight is severely damaged.
Your ice beast closely misses the wight.
You block the wight's attack.
Your ice beast hits the wight but does no damage.
You hit the wight but do no damage.
The wight is severely damaged.
You block the wight's attack.
Your ice beast closely misses the wight.
The wight hits you with a +4 halberd of freezing!
* * * LOW HITPOINT WARNING * * *
Okay, then.
You barely miss the wight.
The wight is severely damaged.
Your ice beast hits the wight but does no damage.
The wight hits you with a +4 halberd of freezing!
You die...
Your body crumbles into a pile of gold.

##.# #...# #.# #.#
#...# #.#
#..####.###...# #.#
#.............# ...
#.#####.###.#.#########
##.# #............
###...###..####.####
...........####.####
##......@z........#
.........>.Y..#.#...#
##.#.####.###.#..z z...
#.#.# #.# #.###z.. ##
#.# #.# #...z #.. ..#
##### #.8 ... .......
..8⌠.>.


You could see a wight (ally target) and a friendly ice beast (summoned).

Vanquished Creatures
  Grinder (D:6)
  An ogre (D:5)
  A centaur (D:6)
  A kobold brigand (D:6)
  3 scorpions
  A gnoll sergeant (D:5)
  A wight (D:7)
  A howler monkey (D:7)
  2 jellies
  A hound (D:6)
  2 iguanas (D:5)
  2 gnolls (D:5)
  10 adders
  A shadow imp (D:7)
  2 ufetubi
  2 worms
  3 dart slugs
  7 orcs
  11 ball pythons
  4 endoplasms
  4 giant cockroaches
  8 goblins
  3 hobgoblins
  2 jackals (D:1)
  11 kobolds
  4 quokkas
  5 bats
  A frilled lizard (D:2)
  5 rats
100 creatures vanquished.

Vanquished Creatures (collateral kills)
  2 water moccasins
  A black bear (D:6)
  A phantom (D:5)
  A hound (D:5)
  An iguana (D:6)
  A gnoll (D:5)
  An orc (D:6)
8 creatures vanquished.

Grand Total: 108 creatures vanquished

Notes
Turn   | Place    | Note
-------+----------+-------------------------------------------
     0 | D:1      | mandarbmax the Barachi Ice Elementalist began the quest for
                  | the Orb.
     0 | D:1      | Reached XP level 1. HP: 13/13 MP: 3/3
    83 | D:1      | Reached skill level 5 in Ice Magic
   102 | D:1      | Found Zuteisasch's Vocational Training.
   222 | D:1      | Reached XP level 2. HP: 19/19 MP: 0/5
   276 | D:1      | Found Lepeweh's Armour Boutique.
   799 | D:2      | Reached skill level 6 in Ice Magic
   799 | D:2      | Reached XP level 3. HP: 24/24 MP: 3/6
   803 | D:2      | Learned a level 3 spell: Frozen Ramparts
  1181 | D:2      | Reached XP level 4. HP: 27/30 MP: 4/8
  1348 | D:2      | Found a faded altar of an unknown god.
  1517 | D:3      | Found Vacaiwon's Antique Weapon Boutique.
  1689 | D:3      | Found Aseuxie's Weapon Shoppe.
  1845 | D:3      | Found Fujiel's Assorted Antiques.
  1851 | D:3      | Bought a scroll labelled NUOJIZXEO for 25 gold pieces
  1851 | D:3      | Bought 2 bubbling blue potions for 45 gold pieces
  1851 | D:3      | Bought a scroll labelled RIGGEF SATADGHO for 25 gold pieces
  1912 | D:3      | Found Vuriholud's Antique Armour Shop.
  1973 | D:3      | Found Kirareb's Armour Emporium.
  2644 | D:4      | Reached XP level 5. HP: 35/35 MP: 7/9
  2703 | D:4      | Reached skill level 7 in Ice Magic
  2707 | D:4      | Learned a level 3 spell: Ozocubu's Armour
  2712 | D:4      | Learned a level 4 spell: Summon Ice Beast
  3321 | D:4      | Reached XP level 6. HP: 41/41 MP: 7/12
  3387 | D:1      | Bought a +0 kite shield for 54 gold pieces
  3608 | D:4      | Found a shadowy altar of Dithmenos.
  3653 | D:4      | Found a sacrificial altar of Ru.
  3931 | D:5      | Entered Level 5 of the Dungeon
  3977 | D:5      | Identified the ring of Rys Xuyhidd {Wiz rF+ rCorr Stlth+}
  3989 | D:5      | Reached skill level 1 in Shields
  4180 | D:5      | Noticed a water moccasin
  4186 | D:5      | Killed a water moccasin
  4187 | D:5      | Reached skill level 8 in Ice Magic
  4187 | D:5      | Reached XP level 7. HP: 46/46 MP: 1/13
  4502 | D:5      | Reached skill level 1 in Summonings
  4797 | D:5      | Reached skill level 5 in Shields
  5198 | D:6      | Noticed a queen bee
  5237 | D:6      | Reached XP level 8. HP: 50/52 MP: 7/14
  5585 | D:6      | Noticed Grinder
  5614 | D:6      | Killed Grinder
  5685 | D:6      | Found an opulent altar of Gozag.
  5705 | D:6      | Became a worshipper of Gozag Ym Sagoz the Greedy
  5817 | D:6      | Noticed PyroL's ghost (novice DrWr)
  5823 | D:6      | Found a transporter.
  5875 | D:6      | Found a transporter.
  6051 | D:6      | Found a glowing silver altar of Zin.
  6295 | D:7      | Reached skill level 1 in Fighting
  6482 | D:7      | Reached skill level 1 in Evocations
  6675 | D:7      | Found a staircase to the Ecumenical Temple.
  6698 | D:7      | Slain by a wight

Illustrated notes

Levels and vault maps discovered:
D:1:      dpeg_arrival_pond, layout_rooms, serial_shops, shop,
          serial_bayou_pond_c, chequers_garden, nicolae_shop_vocational
D:2:      layout_basic, basic_ecumenical_altar
D:3:      layout_loops_ring, serial_shops, nicolae_diamond_shop, shop_coins,
          nicolae_shop_statue_plus, nicolae_shop_bloodbath_and_beyond, shop,
          roderic_roman_lattice, saegor_snake_ambush
D:4:      layout_layer_cave, nicolae_ru_the_path_less_chosen,
          mainiacjoe_overflow_paths
D:5:      layout_loops_ring
D:6:      hellmonk_destroyed_diamonds, layout_gridville, zin_academy,
          mainiacjoe_overflow_cross_hatched, gammafunk_ghost_hive, uniq_grinder
D:7:      layout_loops_ring, general_overflow_altar,
          minmay_temple_entry_drinking_statues

Skill      XL: |  1  2  3  4  5  6  7  8 |
---------------+-------------------------+-----
Ice Magic      | 5 6 7 8 |  8.1
Spellcasting   | 3 4 |  4.0
Shields        | 3 5 7 |  7.7
Summonings     | 3 4 |  4.0
Fighting       | 2 |  2.1
Evocations     | 1 |  1.6
Dodging        | 3 |  3.1
Stealth        | |  1.7

Action                   |  1- 3 |  4- 6 |  7- 9 || total
-------------------------+-------+-------+-------++-------
Melee: Dagger            |    13 |       |       ||    13
       Unarmed           |     1 |       |       ||     1
       Falchion          |     5 |    13 |    39 ||    57
       Staff             |       |       |    36 ||    36
 Cast: Freeze            |    34 |    66 |    12 ||   112
       Frozen Ramparts   |       |    10 |    20 ||    30
       Summon Ice Beast  |       |     2 |    12 ||    14
 Abil: Hop               |     1 |     1 |       ||     2
Evoke: Wand              |       |       |     2 ||     2
  Use: Scroll            |       |       |    10 ||    10
 Stab: Sleeping          |     2 |       |     4 ||     6
Armor: Robe              |    10 |    21 |    15 ||    46
Dodge: Dodged            |    35 |    46 |    28 ||   109
Block: Other             |       |     2 |       ||     2
       Kite shield       |       |     9 |    71 ||    80
       Reflection        |       |       |     3 ||     3

Table legend: (Time is in decaauts)
 A = Elapsed time spent in this place.
 B = Non-inter-level travel time spent in this place.
 C = Inter-level travel time spent in this place.
 D = Time resting spent in this place.
 E = Time spent auto-exploring this place.
 F = Levels seen in this place.
 G = Mean time per level.
                   A        B        C        D        E       F      G
               +--------+--------+--------+--------+--------+-----+--------+
         Total |   7549 |   7171 |    378 |     97 |   6073 |   7 | 1078.4 |
       Dungeon |   7549 |   7171 |    378 |     97 |   6073 |   7 | 1078.4 |
               +--------+--------+--------+--------+--------+-----+--------+

Top non-repeatable levels by time:
     D:4: 1669 daAuts
     D:5: 1242 daAuts
     D:6: 1165 daAuts
     D:3: 1109 daAuts
     D:2: 988 daAuts
     D:1: 834 daAuts
     D:7: 540 daAuts
